 Dungeon Sprint DCSS version 0.23-a0-290-g290e36d (webtiles) character file.

3826 emperorscorpion the Cleaver (level 10, -1/98 HPs)
             Began as a Naga Skald on Oct 3, 2018.
             Was the Champion of Cheibriados.
             Slain by a black mamba (14 damage)
             ... in the Dungeon (Sprint IX: "|||||||||||||||||||||||||||||").
             The game lasted 00:06:16 (457 turns).

emperorscorpion the Cleaver (Naga Skald)             Turns: 457, Time: 00:06:17

Health: -1/98      AC: 13    Str: 29    XL:     10   Next: 17%
Magic:  10/20      EV: 13    Int: 34    God:    Cheibriados [******]
Gold:   16         SH:  0    Dex: 29    Spells: 15/23 levels left

rFire    . . .     SeeInvis +   c - +0 trident
rCold    . . .     Gourm    .   (no shield)
rNeg     . . .     Faith    .   q - +2 scale mail
rPois    +         Spirit   .   p - +0 helmet
rElec    .         Reflect  .   (no cloak)
rCorr    .         Harm     .   d - +0 pair of gloves
MR       +....     NoTele   +   (no barding)
Stlth    ++........             (no amulet)
HPRegen  1.26/turn              r - +3 ring of intelligence
MPRegen  0.17/turn              s - +3 ring of intelligence

@: very slightly contaminated, regenerating, very slow
A: large, see invisible, deformed body, poison resistance, slowness 2, slow
metabolism 1, spit poison 1, AC +3
a: Spit Poison, Bend Time, Temporal Distortion, Slouch, Step From Time, Renounce
Religion


You were in the Dungeon.
You worshipped Cheibriados.
Cheibriados was exalted by your worship.
You were not hungry.

You visited 1 branch You collected 16 gold pieces.

Inventory:

Hand Weapons
 a - a +5 vampiric war axe
 c - a +0 trident (weapon)
 o - a +0 spear
Armour
 b - a +0 leather armour
 d - a +0 pair of gloves (worn)
 p - a +0 helmet (worn)
 q - a +2 scale mail (worn)
Magical Staves
 n - an uncursed staff of energy
Jewellery
 r - a +3 ring of intelligence (left hand)
 s - a +3 ring of intelligence (right hand)
Wands
 m - a wand of iceblast (1)
Scrolls
 j - 2 scrolls of blinking
 k - 3 scrolls of remove curse
 l - 2 scrolls of amnesia
 w - 2 scrolls of enchant armour
 x - a scroll of fog
Potions
 e - 6 potions of curing
 f - a potion of mutation
 g - 3 potions of haste
 h - 4 potions of magic
 i - a potion of invisibility
 t - a potion of resistance
 u - a potion of brilliance
 v - a potion of flight


   Skills:
 + Level 8.7 Fighting
 + Level 11.7(11.9) Axes
 - Level 2.7(8.1) Polearms
 + Level 9.6 Armour
 + Level 5.4 Dodging
 + Level 3.3 Stealth
 + Level 7.0 Spellcasting
 + Level 9.1 Charms
 + Level 3.4 Necromancy
 + Level 3.5 Translocations
 + Level 2.4 Evocations


You had 15 spell levels left.
You knew the following spells:

 Your Spells              Type           Power        Failure   Level  Hunger
a - Infusion              Chrm           ####         1%          1    None
b - Shroud of Golubria    Chrm/Tloc      ######....   1%          2    None
c - Song of Slaying       Chrm           ######..     1%          2    None
r - Regeneration          Chrm/Necr      ######....   1%          3    None

Your spell library contained the following spells:

 Spells                   Type           Power        Failure   Level  Hunger
 Spectral Weapon          Hex/Chrm       #####...     3%          3    None


Dungeon Overview and Level Annotations

Branches:
Dungeon (1/1)

Altars:
Cheibriados
Dithmenos
Elyvilon
Fedhas
Gozag
Hepliaklqana
Kikubaaqudgha
Makhleb
Nemelex Xobeh
Okawaru
Qazlal
Ru
Sif Muna
Trog
Uskayaw
Vehumet
Wu Jian
Xom
Yredelemnul
Zin
The Shining One
Beogh
Jiyva
Lugonu


Innate Abilities, Weirdness & Mutations

You cannot wear boots.
Your serpentine skin is tough. (AC +3)
You have supernaturally acute eyesight. (SInv)
Armour fits poorly on your strangely shaped body.
Your system is resistant to poisons. (rPois)
You cover ground very slowly.
You have a slow metabolism.
You can spit poison.


Message History

The black mamba completely misses you.
You hit the black mamba.
The black mamba is moderately wounded.
The black mamba bites you!
* * * LOW HITPOINT WARNING * * *
The black mamba bites you!
* * * LOW HITPOINT WARNING * * *
Unknown command.
You puncture the black mamba!
The black mamba is severely wounded.
The black mamba bites you but does no damage. x2
You hit the black mamba.
The black mamba is almost dead.
The black mamba bites you.
* * * LOW HITPOINT WARNING * * *
You barely miss the black mamba.
The black mamba is severely wounded.
The black mamba bites you but does no damage.
The black mamba bites you!
You die...

▓.▓.▓'▓
▓.▓.▓_▓
▓.▓.▓_▓
▓.▓.▓_▓
▓.▓.▓_▓
▓†▓.▓_▓
▓.▓.▓_▓
▓.▓.▓_▓
▓@▓.▓_▓
▓S▓.▓_▓
▓F▓.▓_▓
▓H▓.▓_▓
▓.▓.▓_▓
▓.▓.▓_▓
▓.▓.▓_▓
▓'▓.▓_▓
▓†▓.▓_▓


You could see a hippogriff, a black mamba and a spiny frog.

Vanquished Creatures
  A hydra (D)
  A rime drake (D)
  4 spiny frogs (D)
  3 hippogriffs (D)
  A wraith (D)
  A yak (D)
  3 water moccasins (D)
  An eye of draining (D)
  An ogre (D)
  A wolf (D)
  A crocodile (D)
  A bullfrog (D)
  A scorpion (D)
  2 orc wizards (D)
  An adder (D)
  2 adder skeletons (D)
  2 leopard geckos (D)
  An orc (D)
  A bat zombie (D)
  2 giant cockroaches (D)
  2 goblins (D)
  A hobgoblin (D)
  A ball python zombie (D)
  A frilled lizard (D)
  A giant cockroach zombie (D)
37 creatures vanquished.

Notes
Turn   | Place    | Note
-------+----------+-------------------------------------------
     0 | D        | emperorscorpion the Naga Skald began the quest for the Orb.
     0 | D        | Reached XP level 1. HP: 19/19 MP: 3/3
    24 | D        | Reached XP level 2. HP: 24/27 MP: 3/5
    26 | D        | Reached skill level 1 in Armour
    39 | D        | Found a roughly hewn altar of Beogh.
    39 | D        | Found a snail-covered altar of Cheibriados.
    39 | D        | Found a shadowy altar of Dithmenos.
    39 | D        | Found a white marble altar of Elyvilon.
    39 | D        | Found a blossoming altar of Fedhas.
    39 | D        | Found an opulent altar of Gozag.
    40 | D        | Found a hazy altar of Hepliaklqana.
    41 | D        | Found a viscous altar of Jiyva.
    42 | D        | Found an ancient bone altar of Kikubaaqudgha.
    43 | D        | Became a worshipper of Cheibriados the Contemplative
    44 | D        | Found a corrupted altar of Lugonu.
    45 | D        | Found a burning altar of Makhleb.
    46 | D        | Found a sparkling altar of Nemelex Xobeh.
    47 | D        | Found an iron altar of Okawaru.
    48 | D        | Found a stormy altar of Qazlal.
    49 | D        | Found a sacrificial altar of Ru.
    50 | D        | Found a deep blue altar of Sif Muna.
    51 | D        | Found a bloodstained altar of Trog.
    52 | D        | Found a hide-covered altar of Uskayaw.
    53 | D        | Found a radiant altar of Vehumet.
    54 | D        | Found an ornate altar of the Wu Jian Council.
    55 | D        | Found a shimmering altar of Xom.
    56 | D        | Found a basalt altar of Yredelemnul.
    57 | D        | Found a glowing silver altar of Zin.
    58 | D        | Found a glowing golden altar of the Shining One.
    94 | D        | Learned a level 2 spell: Shroud of Golubria
   105 | D        | Noticed a wraith
   105 | D        | Noticed an eye of draining
   111 | D        | Reached * piety under Cheibriados
   111 | D        | Reached skill level 5 in Charms
   111 | D        | Reached XP level 3. HP: 34/34 MP: 0/7
   123 | D        | Killed a wraith
   123 | D        | Reached ** piety under Cheibriados
   123 | D        | Reached skill level 1 in Axes
   123 | D        | Reached skill level 1 in Stealth
   123 | D        | Reached skill level 1 in Translocations
   123 | D        | Reached XP level 4. HP: 38/45 MP: 1/10
   123 | D        | Reached XP level 5. HP: 43/51 MP: 1/11
   133 | D        | Killed an eye of draining
   133 | D        | Reached skill level 5 in Fighting
   133 | D        | Reached skill level 3 in Axes
   133 | D        | Reached skill level 5 in Armour
   133 | D        | Reached XP level 6. HP: 61/61 MP: 0/13
   148 | D        | Learned a level 3 spell: Regeneration
   151 | D        | Learned a level 2 spell: Song of Slaying
   160 | D        | Noticed a hippogriff
   171 | D        | Killed a hippogriff
   171 | D        | Reached *** piety under Cheibriados
   171 | D        | Reached skill level 5 in Axes
   171 | D        | Reached XP level 7. HP: 12/67 MP: 3/14
   196 | D        | Reached skill level 5 in Spellcasting
   199 | D        | Reached skill level 1 in Necromancy
   202 | D        | Reached **** piety under Cheibriados
   357 | D        | Noticed a hippogriff
   357 | D        | Noticed a spiny frog
   357 | D        | Noticed a spiny frog
   357 | D        | Noticed a spiny frog
   364 | D        | Reached skill level 6 in Axes
   364 | D        | Reached skill level 1 in Evocations
   367 | D        | Noticed a yak
   372 | D        | Killed a hippogriff
   372 | D        | Reached ***** piety under Cheibriados
   372 | D        | Reached skill level 7 in Axes
   372 | D        | Reached XP level 8. HP: 44/76 MP: 12/16
   376 | D        | Killed a spiny frog
   378 | D        | Noticed a hippogriff
   382 | D        | Reached skill level 8 in Axes
   392 | D        | Killed a spiny frog
   400 | D        | Killed a spiny frog
   400 | D        | Reached ****** piety under Cheibriados
   400 | D        | Reached skill level 9 in Axes
   400 | D        | Reached XP level 9. HP: 32/86 MP: 7/18
   413 | D        | Reached skill level 10 in Axes
   426 | D        | Noticed a rime drake
   426 | D        | Noticed a spiny frog
   426 | D        | Noticed a black mamba
   428 | D        | Noticed a seven-headed hydra
   430 | D        | Killed a rime drake
   431 | D        | Reached skill level 5 in Dodging
   434 | D        | Noticed a spiny frog
   445 | D        | Killed a seven-headed hydra
   445 | D        | Reached skill level 11 in Axes
   445 | D        | Reached XP level 10. HP: 28/98 MP: 10/20
   450 | D        | Killed a spiny frog
   457 | D        | Slain by a black mamba

Vault maps used:
D:        linesprint

Skill      XL: |  1  2  3  4  5  6  7  8  9 10 |
---------------+-------------------------------+-----
Armour         | 1 4 5 6 7 8 9 |  9.6
Dodging        | 2 3 4 5 |  5.4
Charms         | 5 7 8 9 |  9.1
Fighting       | 3 4 5 6 7 8 |  8.7
Spellcasting   | 3 4 5 6 7 |  7.0
Axes           | 1 3 5 7 9 11 | 11.7
Stealth        | 1 2 3 |  3.3
Translocations | 1 2 3 |  3.5
Necromancy     | 1 2 3 |  3.4
Evocations     | 1 2 |  2.4
Polearms       | |  2.7

Action                   |  1- 3 |  4- 6 |  7- 9 | 10-12 || total
-------------------------+-------+-------+-------+-------++-------
Melee: Spear             |    18 |       |       |       ||    18
       War axe           |    16 |    16 |    75 |       ||   107
       Trident           |       |       |     5 |    10 ||    15
 Cast: Shroud of Golubri |     1 |     1 |     3 |     1 ||     6
       Regeneration      |       |     1 |     6 |       ||     7
       Song of Slaying   |       |     1 |       |       ||     1
 Abil: Spit Poison       |     2 |       |       |       ||     2
Evoke: Wand              |       |     1 |     6 |     2 ||     9
  Use: Potion            |     3 |     1 |       |       ||     4
       Scroll            |       |     1 |     4 |       ||     5
  Eat: Ration            |     1 |       |       |       ||     1
Armor: Scale mail        |     6 |    17 |    56 |     5 ||    84
Dodge: Dodged            |    16 |     8 |    67 |     3 ||    94

Table legend:
 A = Non-vault XP
 B = Vault XP
 C = Vault XP percentage of total XP
 D = Non-vault monster count
 E = Vault monster count
 F = Vault count percentage of total count
                 A         B        C        D         E       F
            +---------+---------+-------+---------+---------+-------
      Total |       0 |    5467 | 100.0 |       0 |      37 | 100.0
            +---------+---------+-------+---------+---------+-------
          D |       0 |    5467 | 100.0 |       0 |      37 | 100.0
            +---------+---------+-------+---------+---------+-------
